 Dungeon Crawl Stone Soup version 0.30-a0-385-gfebfb9b (webtiles) character file.

Game seed: 6630307539835954587

60 Meow the Sneak (level 4, 36/36 HPs)
             Began as a Naga Conjurer on Dec 2, 2022.
             Quit the game on level 2 of the Dungeon.
             The game lasted 00:02:44 (1516 turns).

Meow the Sneak (Naga Conjurer)                      Turns: 1516, Time: 00:02:45

Health: 36/36      AC:  2    Str:  9    XL:     4   Next: 6%
Magic:  4/7        EV:  9    Int: 20    God:
Gold:   102        SH:  0    Dex: 10    Spells: 4/7 levels left

rFire   . . .      SeeInvis +    a - +0 club
rCold   . . .      Faith    .    (no shield)
rNeg    . . .      Spirit   .    c - +0 robe
rPois   +          Reflect  .    (no helmet)
rElec   .          Harm     .    (no cloak)
rCorr   .          Rampage  .    (no gloves)
Will    .....                    (no barding)
Stlth   +++.......               (no amulet)
HPRegen 0.26/turn                (no ring)
MPRegen 0.10/turn                (no ring)

@: short of breath, very slow
A: AC +1, large, see invisible, deformed body, poison resistance, slowness 2,
spit poison 1, naga tail 1
a: Spit Poison


You were on level 2 of the Dungeon.
You visited 1 branch of the dungeon, and saw 2 of its levels.

You collected 102 gold pieces.

Inventory:

Hand Weapons
 a - a +0 club (weapon)
Missiles
 d - 3 stones
 e - 2 javelins
Armour
 c - a +0 robe (worn)
Scrolls
 f - a scroll of identify
 j - a scroll of blinking
 k - 2 scrolls of teleportation
 m - 2 scrolls of torment {unknown}
Potions
 b - a potion of magic
 g - a potion of heal wounds {unknown}
 h - a potion of mutation {unknown}
 i - a potion of flight {unknown}
 l - a potion of resistance {unknown}


   Skills:
 - Level 1.5 Dodging
 + Level 6.6 Stealth
 - Level 2.0 Spellcasting
 - Level 4.0 Conjurations


You had 4 spell levels left.
You knew the following spells:

 Your Spells              Type           Power      Damage    Failure   Level
a - Magic Dart            Conj           72%        1d6       3%          1
b - Searing Ray           Conj           36%        2d5       4%          2

Your spell library contained the following spells:

 Spells                   Type           Power      Damage    Failure   Level
 Dazzling Flash           Conj/Hex       20%        N/A       21%         3
 Fulminant Prism          Conj/Hex       5%         3d7       56%         4
 Iskenderun's Mystic Bla  Conj/Tloc      10%        2d4       56%         4


Dungeon Overview and Level Annotations

Branches:
Dungeon (2/15)

Altars:

Annotations:
D:2 Terence


Innate Abilities, Weirdness & Mutations

Your serpentine skin is tough. (AC +1)
You have supernaturally acute eyesight. (SInv)
Armour fits poorly on your strangely shaped body.
Your system is resistant to poisons. (rPois)
You cover ground very slowly.
You can spit poison.
You have a snake-like lower body.


Message History

The splash of poison hits the adder.
The adder is poisoned.
The adder is moderately wounded.
Unknown command.
Casting: Magic Dart (safe; 3% risk of failure)
Confirm with . or Enter, or press ? or * to list all spells.
Aiming: Searing Ray (safe; 4% risk of failure)
Press: ? - help, Shift-Dir - straight line, f/p - adder
Aim: an adder (moderately wounded, poisoned, 63% to hit)
The searing ray hits the adder!
You kill the adder! (Press . to maintain the ray.) Unknown command.
A ball python comes into view.
The ball python moves out of view.
You start resting.
You have got your breath back.
You start resting.
Magic restored.
m - 2 scrolls labelled LIBRAS FAAJIRPHEI A ball python is nearby!
An adder comes into view.
The ball python hisses angrily.
The adder hisses angrily.
Aiming: Spit Poison (2% risk of failure)
Press: ? - help, Shift-Dir - straight line, f - adder
Aim: an adder (37% to hit)
The splash of poison hits the adder.
The adder is poisoned.
The adder is moderately wounded.
Unknown command.
Casting: Searing Ray (safe; 4% risk of failure)
Confirm with . or Enter, or press ? or * to list all spells.
Aiming: Searing Ray (safe; 4% risk of failure)
Press: ? - help, Shift-Dir - straight line, f/p - adder
Aim: an adder (lightly wounded, poisoned, 63% to hit)
The searing ray hits the adder!
The adder is almost dead. (Press . to maintain the ray.)
You kill the adder!
You have reached level 4!
You feel agile.
Are you sure you want to abandon this character and quit the game? (Confirm with "yes".)

#.## ##.# ## #..#
.# ##.## .## #.[#
..# #.## #.# #.#
#.### ##.####..#
....# #..@.S...#
..#.# #..#####..#
#...## #....#
##...# #..##.#
.###.####...# #.#
...#......#####.#
....#..#####....#
..........#..#..
##.............


You could see a ball python.

Vanquished Creatures
  2 adders (D:2)
  8 ball pythons (D:1)
  2 bats
  2 endoplasms (D:1)
  A giant cockroach (D:1)
  6 goblins
  3 hobgoblins
  4 jackals (D:1)
  3 frilled lizards (D:1)
  A kobold (D:1)
  4 rats (D:1)
36 creatures vanquished.

Notes
Turn   | Place    | Note
-------+----------+-------------------------------------------
     0 | D:1      | Meow the Naga Conjurer began the quest for the Orb.
     0 | D:1      | Reached XP level 1. HP: 15/15 MP: 3/3
   248 | D:1      | Reached skill level 4 in Stealth
   282 | D:1      | Reached XP level 2. HP: 22/22 MP: 5/5
   285 | D:1      | Learned a level 2 spell: Searing Ray
   649 | D:1      | Reached skill level 5 in Stealth
   715 | D:1      | Found a faded altar of an unknown god.
   755 | D:1      | Reached XP level 3. HP: 28/28 MP: 6/6
  1387 | D:2      | Reached skill level 6 in Stealth
  1415 | D:2      | Noticed Terence
  1516 | D:2      | Reached XP level 4. HP: 36/36 MP: 4/7
  1516 | D:2      | Quit the game

Illustrated notes

Levels and vault maps discovered:
D:1:      dpeg_arrival_water_fire, layout_loops_corners,
          ebering_ecumenical_altar_abandoned, nicolae_titane
D:2:      layout_rooms, uniq_terence

Skill      XL: |  1  2  3 |
---------------+----------+-----
Stealth        | 4 5 6 |  6.6
Dodging        | |  1.5
Spellcasting   | |  2.0
Conjurations   | |  4.0

Action                   |  1- 3 |  4- 6 || total
-------------------------+-------+-------++-------
 Cast: Magic Dart        |    18 |       ||    18
       Searing Ray       |     7 |       ||     7
 Abil: Spit Poison       |    22 |       ||    22
  Use: Scroll            |     2 |       ||     2
Armor: Robe              |     2 |       ||     2
Dodge: Dodged            |     3 |       ||     3

Table legend: (Time is in decaauts)
 A = Elapsed time spent in this place.
 B = Non-inter-level travel time spent in this place.
 C = Inter-level travel time spent in this place.
 D = Time resting spent in this place.
 E = Time spent auto-exploring this place.
 F = Levels seen in this place.
 G = Mean time per level.
                   A        B        C        D        E       F      G
               +--------+--------+--------+--------+--------+-----+--------+
         Total |   1910 |   1823 |     87 |    447 |   1114 |   2 |  955.0 |
       Dungeon |   1910 |   1823 |     87 |    447 |   1114 |   2 |  955.0 |
               +--------+--------+--------+--------+--------+-----+--------+

Top non-repeatable levels by time:
     D:1: 1722 daAuts
     D:2: 188 daAuts
